 Dungeon Crawl Stone Soup version 0.31.0-9-g3a7656b989 (webtiles) character file.

Game seed: 18195971147993783891

113 qw the Skirmisher (level 4, -1/25 HPs)
             Began as a Deep Elf Hunter on Feb 2, 2024.
             Slain by a ribbon worm (2 damage)
             ... on level 3 of the Dungeon.
             The game lasted 00:00:07 (1539 turns).

qw the Skirmisher (Deep Elf Hunter)                 Turns: 1539, Time: 00:00:07

Health: -1/25      AC: 11    Str: 10    XL:     4   Next: 65%
Magic:  6/6        EV: 11    Int: 14    God:
Gold:   64         SH:  0    Dex: 18    Spells: 3/3 levels left

rFire   . . .        a - +0 shortbow
rCold   . . .        (shield currently unavailable)
rNeg    + . .        l - +1 ring mail
rPois   .            f - +2 hat
rElec   .            n - +2 cloak
rCorr   .            (no gloves)
SInv    .            (no boots)
Will    .....        (no amulet)
Stlth   +            g - ring of positive energy
HPRegen 0.24/turn    (no ring)
MPRegen 0.10/turn

%: no passive effects
@: no status effects
A: no striking features
a: no special abilities


You were on level 3 of the Dungeon.
You visited 1 branch of the dungeon, and saw 3 of its levels.

You collected 64 gold pieces.


   Skills:
 - Level 1.5 Fighting
 + Level 8.1 Ranged Weapons
 - Level 2.4 Dodging
 - Level 1.2 Stealth


You had 3 spell levels left.
You didn't know any spells.
Your spell library was empty.

Inventory:

Hand Weapons
 a - a +0 shortbow (weapon)
Armour
 f - a +2 hat (worn)
 l - a +1 ring mail (worn)
 n - a +2 cloak (worn)
Jewellery
 g - a ring of positive energy (left hand)
Potions
 b - a potion of haste {unknown}
 c - a potion of enlightenment {unknown}
 h - 2 potions of lignification {unknown}
 j - 3 potions of curing
 m - a potion of magic {unknown}

Dungeon Overview and Level Annotations

Branches:
Dungeon (3/15)

Altars:

Shops:
D:2 [

Annotations:
D:3 Ijyb


Message History

You shoot an arrow. The arrow hits Terence.
Terence is almost dead.
Terence hits you but does no damage.
You shoot an arrow. The arrow barely misses Terence.
Terence closely misses you.
The ribbon worm bites you but does no damage.
You shoot an arrow.
The arrow hits Terence but does no damage.
Terence is almost dead.
Terence barely misses you.
The ribbon worm bites you but does no damage.
Terence closely misses you.
You shoot an arrow. The arrow hits Terence!
You kill Terence!
The ribbon worm bites you.
Your Ranged Weapons skill increases to level 8!
You shoot an arrow. The arrow closely misses Ijyb.
The ribbon worm bites you but does no damage.
Ijyb hits you with a +0 dagger.
You shoot an arrow. The arrow hits Ijyb but does no damage.
Ijyb barely misses you. The ribbon worm bites you.
You shoot an arrow. The arrow barely misses Ijyb.
Ijyb completely misses you. The ribbon worm barely misses you.
You shoot an arrow. The arrow hits Ijyb.
Ijyb is moderately wounded.
Ijyb hits you with a +0 dagger.
The ribbon worm expels a string of sticky webbing.
The stream of webbing misses you.
You shoot an arrow. The arrow barely misses Ijyb.
Ijyb screams, "Me very upset!"
Ijyb closely misses you.
You shoot an arrow. The arrow closely misses Ijyb.
Ijyb zaps a wand.
The bolt of dispelling energy hits you! The ribbon worm completely misses you.
You shoot an arrow. The arrow hits Ijyb.
Ijyb is moderately wounded.
Ijyb zaps a wand.
The bolt of dispelling energy misses you.
The ribbon worm bites you.
You die...

.........# '
#........ #.
#.......
#..##..%...
#..=......
#........
......wg##
####@.#######
+............
#####.############
+......#......[...
#####..#.#########
#
##....###########
#.#............#
#.#..#########.#
#.#..#.........#


You could see Ijyb and a ribbon worm (catching breath).

Vanquished Creatures
  Jessica (D:3)
  Terence (D:3)
  A gnoll (D:1)
  A white imp (D:3)
  A ribbon worm (D:2)
  2 dart slugs (D:1)
  2 endoplasms (D:2)
  5 giant cockroaches
  4 hobgoblins
  7 jackals
  A quokka (D:1)
  2 ball pythons
  A bat (D:1)
  3 frilled lizards
  4 goblins
  2 kobolds
  2 rats (D:1)
40 creatures vanquished.

Vanquished Creatures (others)
  A hobgoblin (D:3)
1 creature vanquished.

Grand Total: 41 creatures vanquished

Notes
Turn   | Place    | Note
-------+----------+-------------------------------------------
     0 | D:1      | qw the Deep Elf Hunter began the quest for the Orb.
     0 | D:1      | Reached XP level 1. HP: 12/12 MP: 3/3
     0 | D:1      | 0 ||| qw: Version: 0.3-a-155-g5e7d8dd
     0 | D:1      | 0 ||| qw: Game counter: 298
     0 | D:1      | 0 ||| qw: Melee chars always use a shield: true
     0 | D:1      | 0 ||| qw: God list: Okawaru
     0 | D:1      | 0 ||| qw: Allow faded altars: false
     0 | D:1      | 0 ||| qw: Do Orc after clearing Dungeon:15 true
     0 | D:1      | 0 ||| qw: Do second Lair branch before Depths: true
     0 | D:1      | 0 ||| qw: Lair rune preference: random
     0 | D:1      | 0 ||| qw: Goals: Normal
     0 | D:1      | 0 ||| PLANNING D:1-11
   258 | D:1      | Reached skill level 6 in Ranged Weapons
   258 | D:1      | Reached XP level 2. HP: 16/16 MP: 4/4
   418 | D:1      | Reached XP level 3. HP: 15/20 MP: 5/5
   618 | D:1      | 618 ||| UPGRADING to +0 helmet.
   623 | D:1      | 623 ||| UPGRADING to +2 hat.
   633 | D:1      | 633 ||| DROPPING +0 helmet.
   634 | D:1      | 634 ||| UPGRADING to +0 scale mail.
   644 | D:1      | 644 ||| DROPPING +0 leather armour.
   645 | D:1      | 645 ||| UPGRADING to +0 ring mail.
   655 | D:1      | 655 ||| DROPPING +0 scale mail.
   656 | D:1      | 656 ||| UPGRADING to +0 cloak.
   661 | D:1      | 661 ||| READING scroll labelled ZIUMOISEBO.
   662 | D:1      | 662 ||| READING scroll labelled OTURAF FAIPRU.
   663 | D:1      | 663 ||| READING 2 scrolls labelled CAMUYG QOWOWUMM.
   663 | D:1      | 663 ||| ENCHANTING +0 cloak.
   664 | D:1      | 664 ||| READING scroll of enchant armour.
   664 | D:1      | 664 ||| ENCHANTING +1 cloak.
   665 | D:1      | 665 ||| READING scroll labelled CUTRABO KISIE.
   666 | D:1      | 666 ||| DRINKING 2 purple potions.
   667 | D:1      | 667 ||| DRINKING 3 lumpy ruby potions.
   668 | D:1      | 668 ||| DROPPING scroll of butterflies.
   669 | D:1      | 669 ||| DROPPING potion of attraction.
   802 | D:2      | Found a faded altar of an unknown god.
   815 | D:2      | Found Cickaube's Armour Emporium.
   818 | D:2      | Reached skill level 7 in Ranged Weapons
   839 | D:2      | 839 ||| SHOPLISTING +1 scale mail of poison resistance (156
                  | gold, have 48).
   839 | D:2      | 839 ||| SHOPLISTING +2 scale mail of cold resistance (252
                  | gold, have 48).
  1047 | D:2      | 1047 ||| UPGRADING to ring of positive energy.
  1048 | D:2      | 1048 ||| READING scroll labelled TUILAQ BAGAUKK.
  1049 | D:2      | 1049 ||| READING 2 scrolls labelled RUVI GODUCUPROUKU.
  1050 | D:2      | 1050 ||| READING scroll labelled WISTRI REURY.
  1051 | D:2      | 1051 ||| READING scroll labelled TUUNUDGHIOCE.
  1152 | D:2      | 1152 ||| DROPPING scroll of fog.
  1204 | D:3      | 1204 ||| FLEEEEING.
  1205 | D:3      | 1205 ||| FLEEEEING.
  1206 | D:3      | 1206 ||| FLEEEEING.
  1207 | D:3      | 1207 ||| FLEEEEING.
  1208 | D:3      | 1208 ||| FLEEEEING.
  1209 | D:3      | 1209 ||| FLEEEEING.
  1210 | D:3      | 1210 ||| FLEEEEING.
  1211 | D:3      | 1211 ||| FLEEEEING.
  1212 | D:3      | 1212 ||| FLEEEEING.
  1213 | D:3      | 1213 ||| FLEEEEING.
  1214 | D:3      | 1214 ||| FLEEEEING.
  1215 | D:3      | 1215 ||| FLEEEEING.
  1216 | D:3      | 1216 ||| FLEEEEING.
  1228 | D:3      | HP: 3/20 [white imp/puff of frost (4)]
  1229 | D:3      | HP: 1/20 [white imp/puff of frost (2)]
  1423 | D:3      | Noticed Jessica
  1426 | D:3      | Killed Jessica
  1427 | D:3      | Reached XP level 4. HP: 25/25 MP: 6/6
  1479 | D:3      | 1479 ||| READING scroll of enchant armour.
  1479 | D:3      | 1479 ||| ENCHANTING +0 ring mail.
  1513 | D:3      | Noticed Terence
  1523 | D:3      | Noticed Ijyb
  1532 | D:3      | Killed Terence
  1533 | D:3      | Reached skill level 8 in Ranged Weapons
  1538 | D:3      | HP: 1/25 [Ijyb/bolt of dispelling energy (7)]
  1539 | D:3      | Slain by a ribbon worm

Levels and vault maps discovered:
D:1:      dpeg_arrival_concentric_ovals, layout_basic, dk_noncrumbling_4
D:2:      layout_rooms, basic_ecumenical_altar, serial_shops, shop
D:3:      layout_basic, mainiacjoe_overflow_six_doors_small, serial_shops,
          nicolae_shop_gibbet_a_chance, shop, nicolae_shop_window_shopping,
          uniq_terence, uniq_jessica, uniq_natasha, uniq_ijyb

Skill      XL: |  1  2  3  4 |
---------------+-------------+-----
Ranged Weapons | 6 7 8 |  8.1
Fighting       | |  1.5
Dodging        | |  2.4
Stealth        | |  1.2

Action                     |  1- 3 |  4- 6 || total
---------------------------+-------+-------++-------
   Fire: Shortbow          |    89 |    27 ||   116
    Use: Scroll            |     9 |     1 ||    10
         Potion            |     2 |       ||     2
 Armour: Leather armour    |     5 |       ||     5
         Ring mail         |    28 |    23 ||    51
  Dodge: Dodged            |    10 |    15 ||    25

Table legend:
 A = Non-vault XP
 B = Vault XP
 C = Vault XP percentage of total XP
 D = Non-vault monster count
 E = Vault monster count
 F = Vault count percentage of total count
                 A         B        C        D         E       F
            +---------+---------+-------+---------+---------+-------
      Total |      93 |      69 |  42.6 |      38 |       2 |   5.0
            +---------+---------+-------+---------+---------+-------
        D:1 |      47 |       0 |   0.0 |      19 |       0 |   0.0
        D:2 |      25 |       0 |   0.0 |      11 |       0 |   0.0
        D:3 |      21 |      69 |  76.7 |       8 |       2 |  20.0
            +---------+---------+-------+---------+---------+-------
